 Dungeon Crawl Stone Soup version 0.20.1-1-g8b1a95d66d (webtiles) character file.

69034 Peloso the Peltast (level 14, -7/132 HPs)
             Began as a Minotaur Fighter on Dec 25, 2017.
             Was the Champion of Okawaru.
             Splashed by an oklob plant's acid (17 damage)
             ... on level 5 of the Lair of Beasts.
             The game lasted 01:14:40 (25733 turns).

Peloso the Peltast (Minotaur Fighter)              Turns: 25733, Time: 01:14:41

Health: -7/132     AC:  5    Str: 29    XL:     14   Next: 88%
Magic:  15/15      EV:  8    Int:  5    God:    Okawaru [******]
Gold:   753        SH: 17    Dex: 21    Spells: 13/13 levels left

rFire    + . .     SeeInvis .   Q - +4 double sword (flame)
rCold    + . .     Gourm    .   O - +1 shield {rF+}
rNeg     . . .     Faith    .   b - +0 crystal plate armour
rPois    .         Spirit   .   h - +0 hat of the Garden {*Slow rElec Str+5}
rElec    +         Reflect  .   W - +0 cloak {rC+}
rCorr    .         Harm     .   o - +0 pair of gloves
MR       +....                  t - +0 pair of boots
Stlth    ..........             (no amulet)
Regen    0.4/turn               C - +5 ring of dexterity
MPRegen  0.2/turn               X - +4 ring of dexterity

@: corroded
A: retaliatory headbutt, horns 2, deformed body
a: Heroism, Finesse, Renounce Religion


You were on level 5 of the Lair of Beasts.
You worshipped Okawaru.
Okawaru was exalted by your worship.
You were hungry.

You visited 3 branches of the dungeon, and saw 20 of its levels.
You also visited: Ice Cave.

You collected 2107 gold pieces.
You spent 1354 gold pieces at shops.

Inventory:

Hand Weapons
 a - a +4 long sword of freezing
 Q - a +4 double sword of flaming (weapon)
 R - a +1 demon blade of flaming
Armour
 b - a +0 crystal plate armour (worn)
 c - a +0 large shield of cold resistance
 h - the +0 hat of the Garden (worn) {*Slow rElec Str+5}
   (Okawaru gifted it to you on level 2 of the Lair of Beasts)

   It affects your strength (+5).
   It insulates you from electricity.
   It may slow you when you take damage.
 o - a +0 pair of gloves (worn)
 t - a +0 pair of boots (worn)
 O - a +1 shield of fire resistance (worn)
 W - a +0 cloak of cold resistance (worn)
Jewellery
 d - an uncursed ring of see invisible
 z - an uncursed ring of poison resistance
 C - a +5 ring of dexterity (left hand)
 L - an uncursed ring of stealth
 X - a +4 ring of dexterity (right hand)
Wands
 j - a wand of clouds (2/9)
 m - a wand of scattershot (1/9)
 u - a wand of acid (9/15)
 A - a wand of iceblast (0/15)
 M - a wand of confusion (19/48)
Scrolls
 i - 7 scrolls of teleportation
 k - 3 scrolls of blinking
 n - 2 scrolls of enchant armour
 p - 3 scrolls of fog
 r - 2 scrolls of recharging
 y - a scroll of remove curse
 B - 3 scrolls of fear
 D - 2 scrolls of magic mapping
 E - a scroll of silence
 I - 2 scrolls of amnesia
 S - 5 scrolls of identify
Potions
 e - a potion of heal wounds
 l - 8 potions of curing
 v - 3 potions of might
 w - a potion of magic
 F - a potion of brilliance
 G - 3 potions of agility
 H - a potion of ambrosia
 J - 3 potions of haste
 K - 2 potions of mutation
 T - a potion of flight
Books
 x - a book of Maledictions

   Spells                             Type                      Level
   a - Corona                         Hexes                        1
   b - Ensorcelled Hibernation        Hexes/Ice                    2
   c - Confuse                        Hexes                        3
   d - Tukima's Dance                 Hexes                        3
   e - Dazzling Spray                 Conjuration/Hexes            3
Comestibles
 f - 12 bread rations
 g - 3 fruits
 q - 10 meat rations
 s - 6 royal jellies


   Skills:
 + Level 14.0 Fighting
 + Level 16.2 Long Blades
 + Level 14.5 Armour
 + Level 2.5 Dodging
 + Level 0.6 Stealth
 + Level 16.8 Shields
 + Level 0.2 Unarmed Combat
 + Level 2.8 Invocations


You had 13 spell levels left.
You didn't know any spells.

Dungeon Overview and Level Annotations

Branches:
Dungeon (13/15)            Temple (0/1) D:4            Lair (5/6) D:10
 Shoals (0/4) Lair:3        Snake (0/4) Lair:3        Slime (0/5) Lair:5
    Orc (2/2) D:10            Elf (0/3) Orc:2        Vaults (0/5) D:13

Altars:
Ashenzari
Fedhas
Nemelex Xobeh
Okawaru
Ru
Uskayaw
Xom
The Shining One
Beogh

Shops:
D:4 ?   D:6 =   D:8 (   D:10 ?   D:12 [   Orc:1 *   Orc:2 !}%

Portals:
Pandemonium: Orc:2
Trove: D:10 (give 7 scrolls of blinking)

Annotations:
D:9 exclusion: obsidian statue
Lair:5 exclusion: 4 oklob plants


Innate Abilities, Weirdness & Mutations

You reflexively headbutt those who attack you in melee.
You have a pair of horns on your head.
Armour fits poorly on your strangely shaped body.


Message History

Evoke which item? (* to show all) (? for menu, Esc to quit)
Aiming: Scattershot (will waste charges)
Press: ? - help, Shift-Dir - straight line, f/p - oklob plant
Aim: an oklob plant (moderately damaged)
The burst of metal fragments hits the oklob plant. x4
The oklob plant is moderately damaged. x2
Evoking this partially-identified wand wasted a few charges.
The oklob plant spits acid at you. The splash of acid hits you!
You are splashed with acid!
The acid burns!
* * * LOW HITPOINT WARNING * * *
The oklob plant spits acid at you. The splash of acid hits you!
* * * LOW HITPOINT WARNING * * *
The acid corrodes you!
You are splashed with acid!
The acid burns!
* * * LOW HITPOINT WARNING * * *
The oklob plant spits acid at you. The splash of acid hits you!
* * * LOW HITPOINT WARNING * * *
You are splashed with acid!
The acid burns!
You die...

### ### ..####.# ...#...### ##
.........## ##### #.###
.........P####.#.####.....#
............##...........!. #####
...#.P......P##..?....PP....#....
.#....P.....PPP....#..P>..?.#....
.............PP.@.....P.......#..
.#..#........†....#........P.....
..#!.......##....#.#........)....
.[..#...######.......#...........
.........# #................#...
.....P..## ##..............##...
.#.....#.# #...................
###....#######...$.........P.....
#.......PP##.....................


You could see 3 oklob plants.

Vanquished Creatures
  Frances (D:12)
  Kirke (Lair:4)
  Snorg (Lair:4)
  An ettin (Orc:2)
  5 hydras
  Fannar (Lair:1)
  2 centaur warriors (D:13)
  3 two-headed ogres
  The ghost of OmG the Prestidigitator, a novice DsAr of Nemelex Xobeh (D:9)
  A tengu warrior (D:13)
  Urug (Orc:1)
  6 orc high priests (Orc:2)
  The ghost of keat06 the Fighter, a novice MiFi of Okawaru (D:7)
  A sixfirhy (Orc:1)
  4 slime creatures (D:13)
  Nergalle (Lair:4)
  2 gelid demonspawn (Orc:2)
  3 necromancers
  7 orc knights
  5 orc sorcerers (Orc:2)
  4 ugly things
  Joseph (D:9)
  3 torpor snails
  An ice statue (IceCv)
  4 black mambas
  4 spiny frogs
  Psyche (D:9)
  4 ice devils
  4 komodo dragons
  The ghost of topfpfpflanze the Insei, a novice OpTm of Sif Muna (D:5)
  10 freezing wraiths (IceCv)
  A red devil (Orc:2)
  2 guardian mummies (D:10)
  A merfolk (Lair:3)
  7 trolls
  A polar bear (shapeshifter) (D:9)
  A hornet (D:10)
  Grinder (D:6)
  Prince Ribbit (D:5)
  A queen bee (shapeshifter) (D:13)
  A polar bear (Lair:3)
  4 blink frogs (Lair:2)
  4 dream sheep (Lair:3)
  4 hippogriffs
  2 vampires
  Sigmund (D:2)
  2 wraiths (D:11)
  Eustachio (D:6)
  A basilisk (Lair:4)
  3 wyverns
  42 yaks
  A hog (Lair:4)
  2 death yak simulacra (IceCv)
  2 neqoxecs (Orc:2)
  A steam dragon (D:10)
  4 vampire mosquitoes (D:12)
  Menkaure (D:4)
  A chaos spawn (Orc:2)
  Edmund (D:5)
  2 wargs
  An acid dragon (D:13)
  5 nagas (Lair:3)
  6 water moccasins
  Duvessa (D:6)
  3 porcupines
  2 black bears (D:7)
  9 ice beasts
  4 sky beasts
  A hornet zombie (D:8)
  32 orc warriors
  An eye of draining (D:11)
  10 centaurs
  10 ogres
  3 phantoms
  17 wolves
  12 crocodiles
  2 big kobolds
  12 bullfrogs
  2 scorpions
  Dowan (D:6)
  An elephant simulacrum (IceCv)
  3 electric eels (Lair:3)
  16 wights
  A howler monkey (D:8)
  5 crimson imps
  A quasit (D:13)
  6 hounds
  5 jellies
  4 bullfrog zombies
  4 draconian simulacra (IceCv)
  35 orc priests
  27 orc wizards
  A bullfrog skeleton (D:5)
  A centaur skeleton (D:5)
  2 iguanas
  2 worker ants
  3 yak simulacra
  5 polar bear simulacra
  4 troll simulacra (IceCv)
  2 spriggan simulacra (IceCv)
  2 wolf simulacra (Lair:2)
  3 centaur simulacra (IceCv)
  3 hound skeletons
  5 gnolls (D:9)
  17 adders
  3 naga simulacra (IceCv)
  4 ogre simulacra (IceCv)
  3 shadow imps (D:9)
  12 white imps (IceCv)
  9 oozes
  5 adder skeletons
  6 worms
  2 dart slugs
  5 leopard geckos
  110 orcs
  14 giant cockroaches
  6 goblins
  A hobgoblin (D:3)
  2 jackals (D:5)
  28 kobolds
  4 quokkas
  A ball python (D:2)
  2 bats
  3 frilled lizards
  A leopard gecko skeleton (D:4)
  6 rats
  2 river rat simulacra (Lair:2)
  A fungus (Lair:5)
  A plant (Lair:4)
704 creatures vanquished.

Vanquished Creatures (others)
  6 fungi
  2 plants (Lair:2)
  6 toadstools (D:3)
14 creatures vanquished.

Grand Total: 718 creatures vanquished

Notes
Turn   | Place    | Note
-------+----------+-------------------------------------------
     0 | D:1      | Peloso the Minotaur Fighter began the quest for the Orb.
     0 | D:1      | Reached XP level 1. HP: 19/19 MP: 0/0
   342 | D:1      | Reached XP level 2. HP: 27/27 MP: 1/1
   861 | D:2      | Reached XP level 3. HP: 19/33 MP: 2/2
   890 | D:2      | Noticed Sigmund
   898 | D:2      | Killed Sigmund
   898 | D:2      | Reached skill level 5 in Shields
   898 | D:2      | Reached XP level 4. HP: 28/41 MP: 3/3
   898 | D:2      | Reached XP level 5. HP: 32/47 MP: 4/4
  1344 | D:3      | Found a sacrificial altar of Ru.
  1354 | D:3      | Reached skill level 5 in Armour
  1380 | D:3      | Reached XP level 6. HP: 53/53 MP: 5/5
  1968 | D:3      | Reached skill level 5 in Fighting
  1968 | D:3      | Reached skill level 5 in Long Blades
  2069 | D:3      | Found a glowing golden altar of the Shining One.
  2069 | D:3      | Found a hide-covered altar of Uskayaw.
  2282 | D:4      | Found Cuokhy's Magic Scroll Emporium.
  2303 | D:4      | Bought a scroll of identify for 20 gold pieces
  2304 | D:4      | Bought a scroll of identify for 20 gold pieces
  2308 | D:4      | Bought a scroll of enchant weapon for 75 gold pieces
  2308 | D:4      | Bought a scroll of enchant armour for 75 gold pieces
  2412 | D:4      | Noticed Menkaure
  2431 | D:4      | Killed Menkaure
  2431 | D:4      | Reached XP level 7. HP: 17/61 MP: 6/6
  2726 | D:4      | Found an iron altar of Okawaru.
  2768 | D:4      | Became a worshipper of Warmaster Okawaru
  2790 | D:4      | Found a staircase to the Ecumenical Temple.
  3210 | D:5      | Entered Level 5 of the Dungeon
  3323 | D:5      | Noticed Edmund
  3336 | D:5      | Killed Edmund
  3651 | D:5      | Found a shattered altar of Ashenzari.
  3766 | D:5      | Noticed Prince Ribbit
  3802 | D:4      | Reached XP level 8. HP: 14/69 MP: 7/7
  4200 | D:5      | Noticed topfpfpflanze's ghost (novice OpTm)
  4217 | D:5      | Killed topfpfpflanze's ghost
  4217 | D:5      | Reached * piety under Okawaru
  4885 | D:5      | Found a blossoming altar of Fedhas.
  5435 | D:5      | Killed Prince Ribbit
  5435 | D:5      | Reached ** piety under Okawaru
  5435 | D:5      | Reached XP level 9. HP: 62/78 MP: 5/8
  5550 | D:6      | Found Liyt's Jewellery Shop.
  5577 | D:6      | Noticed Eustachio
  5589 | D:6      | Killed Eustachio
  5651 | D:6      | Noticed Dowan
  5652 | D:6      | Noticed Duvessa
  5667 | D:6      | Killed Dowan
  5693 | D:6      | Killed Duvessa
  6150 | D:6      | Noticed Grinder
  6157 | D:6      | Paralysed by Grinder for 5 turns
  6164 | D:6      | Paralysed by Grinder for 3 turns
  6172 | D:6      | Paralysed by Grinder for 3 turns
  6176 | D:6      | Killed Grinder
  6605 | D:6      | Reached skill level 10 in Long Blades
  6929 | D:7      | Reached *** piety under Okawaru
  7261 | D:7      | Noticed keat06's ghost (novice MiFi)
  7278 | D:7      | Killed keat06's ghost
  7833 | D:7      | Reached XP level 10. HP: 86/86 MP: 9/9
  8248 | D:8      | Found Caesaud's Weapon Shop.
  8284 | D:8      | Found a shimmering altar of Xom.
  8285 | D:8      | Found a shimmering altar of Xom.
  8286 | D:8      | Found a shimmering altar of Xom.
  8286 | D:8      | Found a shimmering altar of Xom.
  8287 | D:8      | Found a shimmering altar of Xom.
  8287 | D:8      | Found a shimmering altar of Xom.
  8629 | D:9      | Noticed OmG's ghost (novice DsAr)
  8656 | D:9      | Killed OmG's ghost
  8656 | D:9      | Reached **** piety under Okawaru
  8656 | D:9      | Reached skill level 10 in Armour
  8781 | D:9      | Reached skill level 1 in Dodging
  9036 | D:9      | Noticed Psyche
  9051 | D:9      | Killed Psyche
  9067 | D:9      | Noticed Joseph
  9081 | D:9      | Killed Joseph
  9081 | D:9      | Reached skill level 10 in Shields
  9270 | D:9      | Reached ***** piety under Okawaru
  9319 | D:9      | Noticed an obsidian statue
  9640 | D:10     | Entered Level 10 of the Dungeon
  9666 | D:10     | Found Vumesic's Magic Scroll Shop.
  9687 | D:10     | Bought a scroll of brand weapon for 220 gold pieces
  9768 | D:10     | Reached XP level 11. HP: 95/95 MP: 10/10
 10271 | D:10     | Found a staircase to the Lair.
 10365 | D:10     | Found a portal to a secret trove of treasure.
 10500 | D:10     | Received a gift from Okawaru
 11066 | D:10     | Found a roughly hewn altar of Beogh.
 11066 | D:10     | Found a staircase to the Orcish Mines.
 11265 | D:10     | Bought a scroll of blinking for 82 gold pieces
 11337 | Orc:1    | Entered Level 1 of the Orcish Mines
 11337 | Orc:1    | Found a roughly hewn altar of Beogh.
 11458 | Orc:1    | Found a frozen archway.
 11505 | IceCv    | Entered an ice cave
 12880 | IceCv    | Found an ancient bone altar of Kikubaaqudgha.
 13012 | IceCv    | Noticed a necromancer
 13022 | IceCv    | Killed a necromancer
 13022 | IceCv    | Reached skill level 10 in Fighting
 13139 | IceCv    | Identified the Guide on Snow
 13414 | IceCv    | Reached XP level 12. HP: 75/106 MP: 11/11
 13874 | Orc:1    | Noticed Urug
 13888 | Orc:1    | Killed Urug
 13888 | Orc:1    | Reached skill level 1 in Invocations
 14262 | Lair:1   | Entered Level 1 of the Lair of Beasts
 14283 | Lair:1   | Noticed a four-headed hydra
 14296 | Lair:1   | Killed a nine-headed hydra
 14656 | Lair:1   | Noticed Fannar
 14702 | Lair:1   | Killed Fannar
 15237 | Lair:2   | Reached ****** piety under Okawaru
 15384 | Lair:2   | Received a gift from Okawaru
 15458 | Lair:2   | Received a gift from Okawaru
 15461 | Lair:2   | Got a bloodstained hat {god gift}
 15467 | Lair:2   | Identified the +0 hat of the Garden {*Slow rElec Str+5} (Okawaru gifted it to you on level 2 of the Lair of Beasts)
 16319 | Lair:3   | Reached XP level 13. HP: 109/116 MP: 13/13
 16747 | Lair:3   | Found a staircase to the Snake Pit.
 16855 | Lair:3   | Found a staircase to the Shoals.
 17018 | Lair:4   | Reached skill level 15 in Long Blades
 17023 | Lair:4   | Noticed Kirke
 17028 | Lair:4   | Noticed Snorg
 17372 | Lair:4   | Killed Kirke
 17390 | Lair:4   | Killed Snorg
 17475 | Lair:4   | Noticed Nergalle
 17489 | Lair:4   | Killed Nergalle
 18561 | D:11     | Received a gift from Okawaru
 19101 | D:12     | Found Weenised's Antique Armour Shoppe.
 19189 | D:12     | Found a sparkling altar of Nemelex Xobeh.
 19450 | D:12     | Noticed Frances
 19477 | D:12     | Killed Frances
 19815 | D:12     | Received a gift from Okawaru
 20036 | D:13     | Reached skill level 15 in Shields
 20855 | D:13     | Reached XP level 14. HP: 122/127 MP: 15/15
 21024 | D:13     | Found a gate to the Vaults.
 22071 | Orc:2    | Entered Level 2 of the Orcish Mines
 22104 | Orc:2    | Found a roughly hewn altar of Beogh.
 22326 | Orc:1    | Found Oxusaf's Assorted Antiques.
 22335 | Orc:1    | Bought a scroll of blinking for 270 gold pieces
 22335 | Orc:1    | Bought a runed shield for 270 gold pieces
 22335 | Orc:1    | Bought a scroll of enchant weapon for 270 gold pieces
 22605 | Orc:2    | Found Ninerhuiz's Food Shop.
 22614 | Orc:2    | Found Yrillint's Distillery.
 23265 | Orc:2    | Found a staircase to the Elven Halls.
 23783 | Orc:2    | Gained mutation: Armour fits poorly on your strangely shaped body. [a neqoxec]
 23809 | Orc:2    | Bought a potion of might for 52 gold pieces
 23955 | Orc:2    | Received a gift from Okawaru
 23956 | Orc:2    | Got a polished scimitar {god gift}
 23979 | Orc:2    | Identified the +7 scimitar of Vodka {venom, Fragile rElec rC+} (Okawaru gifted it to you on level 2 of the Orcish Mines)
 24423 | Orc:2    | Received a gift from Okawaru
 24426 | Orc:2    | Found Zifygi's Gadget Emporium.
 24426 | Orc:2    | Found Numot's Antique Armour Shoppe.
 24426 | Orc:2    | Found a one-way gate leading to the halls of Pandemonium.
 25334 | Lair:5   | Identified a scroll of acquirement
 25521 | Lair:5   | Found a staircase to the Slime Pits.
 25733 | Lair:5   | Splashed by an oklob plant's acid

Skill      XL: |  1  2  3  4  5  6  7  8  9 10 11 12 13 14 |
---------------+-------------------------------------------+-----
Shields        | 4 5 6 7 8 10 11 13 15 16 | 16.8
Armour         | 4 5 6 8 9 10 11 12 13 14 | 14.5
Fighting       | 4 5 6 7 8 10 11 12 14 | 14.0
Long Blades    | 3 4 5 7 9 10 12 14 15 16 | 16.2
Dodging        | 1 2 |  2.5
Invocations    | 1 2 |  2.8
Stealth        | |  0.6
Unarmed Combat | |  0.2

Action                   |  1- 3 |  4- 6 |  7- 9 | 10-12 | 13-15 || total
-------------------------+-------+-------+-------+-------+-------++-------
Melee: Long sword        |    72 |   159 |   364 |  1090 |   785 ||  2470
       Headbutt          |     8 |    23 |    80 |   327 |   328 ||   766
       Unarmed           |       |       |       |       |     4 ||     4
       Scimitar          |       |       |       |       |    96 ||    96
       Double sword      |       |       |       |       |    45 ||    45
       Demon blade       |       |       |       |       |    16 ||    16
Invok: Heroism           |       |       |     2 |    13 |     6 ||    21
       Finesse           |       |       |       |     1 |     2 ||     3
Evoke: Wand              |       |       |       |       |     2 ||     2
  Use: Potion            |     4 |       |       |     2 |     4 ||    10
       Scroll            |       |    11 |     1 |     8 |    10 ||    30
  Eat: Chunk             |       |     4 |    16 |    25 |    30 ||    75
       Fruit             |       |       |     1 |     6 |       ||     7
Armor: Scale mail        |    12 |       |       |       |       ||    12
       Plate armour      |    30 |   113 |   137 |   162 |       ||   442
       Crystal plate arm |       |       |       |   411 |   412 ||   823
Dodge: Dodged            |    13 |    26 |    57 |   270 |   183 ||   549
Block: Shield            |    40 |    91 |   168 |   648 |   539 ||  1486
       Large shield      |       |       |       |       |   331 ||   331
       Rpst.: Long sword |     2 |     8 |    12 |    58 |    41 ||   121
       Double sword      |       |       |       |       |     3 ||     3
       Scimitar          |       |       |       |       |     2 ||     2
       Demon blade       |       |       |       |       |     1 ||     1
